 Dungeon Crawl Stone Soup version 0.29.0-15-g675c0067aa (webtiles) character file.

Game seed: 17432725663444747932

665 qw the Chopper (level 7, -5/43 HPs)
             Began as a Gargoyle Fighter on Sept 11, 2022.
             Slain by Menkaure (12 damage)
             ... on level 4 of the Dungeon.
             The game lasted 00:01:32 (3349 turns).

qw the Chopper (Gargoyle Fighter)                   Turns: 3349, Time: 00:01:32

Health: -5/43      AC: 17    Str: 18    XL:     7   Next: 57%
Magic:  7/7        EV:  5    Int: 13    God:
Gold:   50         SH:  4    Dex:  8    Spells: 6/6 levels left

rFire   . . .      SeeInvis .   Y - +2 war axe
rCold   + . .      Faith    .   c - +0 buckler
rNeg    + . .      Spirit   .   q - +0 plate armour
rPois   inf        Reflect  .   (no helmet)
rElec   +          Harm     .   (no cloak)
rCorr   .          Rampage  .   f - +0 pair of gloves
Will    .....                   (no boots)
Stlth   ..........              (no amulet)
HPRegen 0.14/turn               n - ring of protection from cold
MPRegen 0.10/turn               (no ring)

@: about to teleport
A: sickness immunity, AC +4, negative energy resistance 1, electricity
resistance, torment resistance 1, petrification resistance, clever 1, mutation
resistance 1, weak 1
a: no special abilities


You were on level 4 of the Dungeon.
You visited 1 branch of the dungeon, and saw 4 of its levels.

You collected 155 gold pieces.
You spent 105 gold pieces at shops.


Innate Abilities, Weirdness & Mutations

You are immune to sickness and miasma.
Your stone body is resilient. (AC +4)
You are immune to poison.
You resist negative energy. (rN+)
You are resistant to electric shocks. (rElec)
You are resistant to unholy torment.
You are immune to petrification.
Your mind is acute. (Int +4, Str/Dex -1)
You are somewhat resistant to further mutation.
You are weak. (Str -2)


   Skills:
 - Level 4.0 Fighting
 - Level 7.3 Axes
 + Level 3.3 Armour
 - Level 3.2 Shields


You had 6 spell levels left.
You didn't know any spells.
Your spell library was empty.

Inventory:

Hand Weapons
 e - a +0 whip of freezing
 Y - a +2 war axe (weapon)
Armour
 c - a +0 buckler (worn)
 f - a +0 pair of gloves (worn)
 q - a +0 plate armour (worn)
Jewellery
 b - a ring of positive energy
 k - a ring of ice
 n - a ring of protection from cold (left hand)
Scrolls
 h - a scroll of fear {unknown}
 p - a scroll of identify
Potions
 a - a potion of mutation
 d - a potion of might
 i - 2 potions of attraction {unknown}
 j - a potion of ambrosia {unknown}

Dungeon Overview and Level Annotations

Branches:
Dungeon (4/15)
 Temple: D:4-7

Altars:
Cheibriados
Xom

Shops:
D:2 ?   D:3 [

Annotations:
D:4 Menkaure


Message History

You hit the dart slug.
The dart slug is severely wounded.
You slash the dart slug!
You kill the dart slug!
i - 2 black potions You see here a dart slug corpse.
j - a glowing white potion You now have 50 gold pieces (gained 9).
Found a snail-covered altar of Cheibriados.
Menkaure, Prince of Dust comes into view.
Menkaure shouts!
Enter note: Menkaure calls on the powers of darkness!
Your body is wracked with pain!
3325 ||| FLEEEEING.
3326 ||| FLEEEEING.
3327 ||| FLEEEEING.
You start resting.
Menkaure is nearby!
3342 ||| Stepping ~*~*~tactically~*~*~ (hiding).
Menkaure hits you but does no damage.
You hit Menkaure.
Menkaure is moderately damaged.
Menkaure hits you!
You completely miss Menkaure.
Menkaure is moderately damaged.
Menkaure mumbles some strange words.
Menkaure seems to speed up.
You slash Menkaure!
Menkaure is heavily damaged.
Menkaure gestures at you while chanting.
You are unaffected.
Menkaure hits you!
3348 ||| READING scroll of teleportation.
As you read the scroll of teleportation, it crumbles to dust.
You feel strangely unstable. Menkaure hits you but does no damage.
You hit Menkaure.
Menkaure is severely damaged.
Menkaure hits you!
You die...

#..........~~~.##
#..........#####
##.........#
.#........##
#........##
##...%######
##.........######
#...#####.......####
#..## #####...@..#
#..# ..# #####M.#
#..# ...## ##.# #..#
...M.# #.# #..#
......# #.# #..#
.......###.# ...#
........##.#
.........#.#
...........#


You could see Menkaure (fast).

Vanquished Creatures
  Pikel (D:4)
  A howler monkey (D:4)
  An orc wizard (D:4)
  3 gnolls (D:4)
  4 adders
  2 worms
  4 dart slugs
  6 orcs
  6 endoplasms
  2 giant cockroaches
  9 goblins
  6 hobgoblins
  2 quokkas
  4 ball pythons
  3 bats
  3 frilled lizards
  7 kobolds
  4 rats
68 creatures vanquished.

Notes
Turn   | Place    | Note
-------+----------+-------------------------------------------
     0 | D:1      | qw the Gargoyle Fighter began the quest for the Orb.
     0 | D:1      | Reached XP level 1. HP: 14/14 MP: 1/1
     0 | D:1      | 0 ||| qw: Version: 0.1-a-119-g272c26d
     0 | D:1      | 0 ||| qw: Game counter: 10716
     0 | D:1      | 0 ||| qw: Always use a shield: true
     0 | D:1      | 0 ||| qw: God list: Okawaru
     0 | D:1      | 0 ||| qw: Allow faded altars: false
     0 | D:1      | 0 ||| qw: Do Orc after D:15 true
     0 | D:1      | 0 ||| qw: Do second Lair branch before Depths: true
     0 | D:1      | 0 ||| qw: Lair rune preference: random
     0 | D:1      | 0 ||| qw: Plans: Normal, Zot, God:TSO, Crypt, Tomb, Pan,
                  | Slime, Hells, Zig, Abyss, Orb
     0 | D:1      | 0 ||| PLANNING D:1-11
    39 | D:1      | Reached skill level 2 in Axes
    73 | D:1      | 73 ||| Stepping ~*~*~tactically~*~*~ (stealth).
   146 | D:1      | Reached XP level 2. HP: 15/19 MP: 2/2
   315 | D:1      | 315 ||| DROPPING +0 club.
   380 | D:1      | 380 ||| Stepping ~*~*~tactically~*~*~ (stealth).
   382 | D:1      | 382 ||| Stepping ~*~*~tactically~*~*~ (stealth).
   383 | D:1      | 383 ||| Stepping ~*~*~tactically~*~*~ (stealth).
   580 | D:1      | 580 ||| UPGRADING to +0 pair of gloves.
   585 | D:1      | 585 ||| UPGRADING to +0 plate armour.
   595 | D:1      | 595 ||| DROPPING +0 scale mail.
   596 | D:1      | 596 ||| UPGRADING to ring of protection from cold.
   597 | D:1      | 597 ||| READING scroll labelled ZOT KUOSASYFIA.
   600 | D:1      | 600 ||| READING scroll labelled RUALAC XOTI.
   601 | D:1      | 601 ||| READING scroll labelled LEISIA YXTUP.
   602 | D:1      | 602 ||| READING 5 scrolls labelled BENNIB PILANEC.
   603 | D:1      | 603 ||| READING scroll labelled XUTO ONWENA.
   604 | D:1      | 604 ||| READING scroll labelled QICWIF QOYP.
   605 | D:1      | 605 ||| READING 2 scrolls labelled XICIMM JERIDI.
   606 | D:1      | 606 ||| DROPPING 4 scrolls of poison.
   628 | D:2      | Reached skill level 3 in Axes
   676 | D:2      | 676 ||| Stepping ~*~*~tactically~*~*~ (stealth).
   682 | D:2      | Reached XP level 3. HP: 23/23 MP: 3/3
  1025 | D:2      | 1025 ||| Stepping ~*~*~tactically~*~*~ (stealth).
  1028 | D:2      | 1028 ||| Stepping ~*~*~tactically~*~*~ (stealth).
  1043 | D:2      | 1043 ||| FLEEEEING.
  1045 | D:2      | 1045 ||| FLEEEEING.
  1046 | D:2      | 1046 ||| FLEEEEING.
  1047 | D:2      | 1047 ||| FLEEEEING.
  1048 | D:2      | 1048 ||| FLEEEEING.
  1049 | D:2      | 1049 ||| FLEEEEING.
  1050 | D:2      | 1050 ||| FLEEEEING.
  1051 | D:2      | 1051 ||| FLEEEEING.
  1052 | D:2      | 1052 ||| FLEEEEING.
  1053 | D:2      | 1053 ||| FLEEEEING.
  1054 | D:2      | 1054 ||| FLEEEEING.
  1055 | D:2      | 1055 ||| FLEEEEING.
  1056 | D:2      | 1056 ||| FLEEEEING.
  1057 | D:2      | 1057 ||| FLEEEEING.
  1058 | D:2      | 1058 ||| FLEEEEING.
  1059 | D:2      | 1059 ||| FLEEEEING.
  1060 | D:2      | 1060 ||| FLEEEEING.
  1061 | D:2      | 1061 ||| FLEEEEING.
  1062 | D:2      | 1062 ||| FLEEEEING.
  1063 | D:2      | 1063 ||| FLEEEEING.
  1064 | D:2      | 1064 ||| FLEEEEING.
  1065 | D:2      | 1065 ||| FLEEEEING.
  1066 | D:2      | 1066 ||| FLEEEEING.
  1067 | D:2      | 1067 ||| FLEEEEING.
  1068 | D:2      | 1068 ||| FLEEEEING.
  1069 | D:2      | 1069 ||| FLEEEEING.
  1070 | D:2      | 1070 ||| FLEEEEING.
  1071 | D:2      | 1071 ||| FLEEEEING.
  1072 | D:2      | 1072 ||| FLEEEEING.
  1073 | D:2      | 1073 ||| FLEEEEING.
  1074 | D:2      | 1074 ||| FLEEEEING.
  1076 | D:2      | 1076 ||| FLEEEEING.
  1077 | D:2      | 1077 ||| FLEEEEING.
  1078 | D:2      | 1078 ||| FLEEEEING.
  1079 | D:2      | 1079 ||| FLEEEEING.
  1080 | D:2      | 1080 ||| FLEEEEING.
  1081 | D:2      | 1081 ||| FLEEEEING.
  1082 | D:2      | 1082 ||| FLEEEEING.
  1195 | D:2      | Reached XP level 4. HP: 28/28 MP: 4/4
  1233 | D:2      | Found Hoyllyu's Magic Scroll Shop.
  1245 | D:2      | 1245 ||| Stepping ~*~*~tactically~*~*~ (stealth).
  1352 | D:2      | 1352 ||| BUYING scroll of enchant weapon (105 gold).
  1352 | D:2      | Bought a scroll of enchant weapon for 105 gold pieces
  1352 | D:2      | 1352 ||| READING scroll of enchant weapon.
  1352 | D:2      | 1352 ||| ENCHANTING +1 war axe.
  1516 | D:2      | 1516 ||| DRINKING 2 amethyst potions.
  1516 | D:2      | Gained mutation: Your mind is acute. (Int +4, Str/Dex -1)
                  | [potion of mutation]
  1516 | D:2      | Gained mutation: You are weak. (Str -2) [potion of
                  | mutation]
  1516 | D:2      | Gained mutation: You are somewhat resistant to further
                  | mutation. [potion of mutation]
  1517 | D:2      | 1517 ||| READING 2 scrolls of identify.
  1517 | D:2      | 1517 ||| IDENTIFYING sapphire potion
  1518 | D:2      | 1518 ||| DROPPING potion of brilliance.
  1690 | D:3      | Reached skill level 4 in Axes
  1880 | D:3      | Found Hacrijag's Antique Armour Shop.
  1891 | D:3      | 1891 ||| Stepping ~*~*~tactically~*~*~ (stealth).
  2260 | D:3      | 2260 ||| READING scroll labelled WIXOFI VOUGEO.
  2261 | D:3      | 2261 ||| DRINKING 2 glowing puce potions.
  2262 | D:3      | 2262 ||| DROPPING potion of flight.
  2357 | D:4      | Found a shimmering altar of Xom.
  2358 | D:4      | 2358 ||| Stepping ~*~*~tactically~*~*~ (stealth).
  2404 | D:4      | 2404 ||| Stepping ~*~*~tactically~*~*~ (hiding).
  2412 | D:4      | Reached XP level 5. HP: 32/32 MP: 5/5
  2541 | D:4      | 2541 ||| Stepping ~*~*~tactically~*~*~ (stealth).
  2543 | D:4      | 2543 ||| Stepping ~*~*~tactically~*~*~ (hiding).
  2546 | D:4      | 2546 ||| Stepping ~*~*~tactically~*~*~ (hiding).
  2547 | D:4      | 2547 ||| Stepping ~*~*~tactically~*~*~ (hiding).
  2548 | D:4      | 2548 ||| Stepping ~*~*~tactically~*~*~ (hiding).
  2549 | D:4      | 2549 ||| Stepping ~*~*~tactically~*~*~ (hiding).
  2550 | D:4      | 2550 ||| Stepping ~*~*~tactically~*~*~ (hiding).
  2575 | D:4      | HP: 5/32 [orc wizard/puff of flame (5)]
  2576 | D:4      | 2576 ||| READING 2 scrolls of teleportation.
  2879 | D:4      | Noticed a lemure
  2879 | D:4      | Noticed a lemure
  2879 | D:4      | Noticed Pikel
  2880 | D:4      | Noticed a lemure
  2881 | D:4      | 2881 ||| Stepping ~*~*~tactically~*~*~ (stealth).
  2888 | D:4      | Noticed a lemure
  2902 | D:4      | Killed Pikel
  2903 | D:4      | Reached skill level 7 in Axes
  2903 | D:4      | Reached XP level 6. HP: 20/37 MP: 6/6
  2903 | D:4      | Reached XP level 7. HP: 22/41 MP: 7/7
  3048 | D:4      | 3048 ||| DROPPING +0 whip.
  3252 | D:4      | 3252 ||| Stepping ~*~*~tactically~*~*~ (hiding).
  3280 | D:4      | Found a snail-covered altar of Cheibriados.
  3323 | D:4      | Noticed Menkaure
  3325 | D:4      | 3325 ||| FLEEEEING.
  3326 | D:4      | 3326 ||| FLEEEEING.
  3327 | D:4      | 3327 ||| FLEEEEING.
  3342 | D:4      | 3342 ||| Stepping ~*~*~tactically~*~*~ (hiding).
  3347 | D:4      | HP: 7/43 [Menkaure (17)]
  3348 | D:4      | 3348 ||| READING scroll of teleportation.
  3349 | D:4      | Slain by Menkaure

Levels and vault maps discovered:
D:1:      lemuel_arrival_hallway, layout_rooms, minmay_misc_feat_iff
D:2:      layout_loops_ring, serial_shops, nicolae_shop_window_shopping,
          grunt_decor_arrowhead
D:3:      layout_loops_ring, serial_shops, shop
D:4:      layout_cave_pods, kennysheep_mini, kennysheep_slug_shrine,
          nicolae_overflow_hidden_temple, cheibrodos_gnoll_hut, uniq_menkaure,
          uniq_pikel

Skill      XL: |  1  2  3  4  5  6  7 |
---------------+----------------------+-----
Axes           | 2 3 4 7 |  7.3
Fighting       | 4 |  4.0
Armour         | |  3.3
Shields        | |  3.2

Action                   |  1- 3 |  4- 6 |  7- 9 || total
-------------------------+-------+-------+-------++-------
Melee: War axe           |    97 |    90 |    28 ||   215
  Use: Scroll            |     7 |     4 |     1 ||    12
       Potion            |       |     2 |       ||     2
Armor: Scale mail        |    24 |       |       ||    24
       Plate armour      |    33 |    53 |    24 ||   110
Dodge: Dodged            |    32 |    21 |     5 ||    58
Block: Buckler           |    18 |    14 |     3 ||    35

Table legend:
 A = Non-vault XP
 B = Vault XP
 C = Vault XP percentage of total XP
 D = Non-vault monster count
 E = Vault monster count
 F = Vault count percentage of total count
                 A         B        C        D         E       F
            +---------+---------+-------+---------+---------+-------
      Total |     306 |     645 |  67.8 |      66 |       2 |   2.9
            +---------+---------+-------+---------+---------+-------
        D:1 |      28 |       0 |   0.0 |      15 |       0 |   0.0
        D:2 |      59 |       0 |   0.0 |      21 |       0 |   0.0
        D:3 |      67 |       0 |   0.0 |      20 |       0 |   0.0
        D:4 |     152 |     645 |  80.9 |      10 |       2 |  16.7
            +---------+---------+-------+---------+---------+-------
